 Dungeon Crawl Stone Soup version 0.29.1-12-g30fa7ad0bf (webtiles) character file.

Game seed: 8712534829458263562

30403 MacCMillion the Geomancer (level 13, -2/82 HPs)
             Began as a Gargoyle Earth Elementalist on Dec 15, 2022.
             Was an Elder of Vehumet.
             Slain by Urug
             ... wielding a +0 long sword of protection
              (21 damage)
             ... on level 3 of the Lair of Beasts.
             The game lasted 01:05:01 (22519 turns).

MacCMillion the Geomancer (GrEE)                   Turns: 22519, Time: 01:05:02

Health: -2/82      AC: 21    Str: 11    XL:     13   Next: 51%
Magic:  2/27       EV: 16    Int: 22    God:    Vehumet [****..]
Gold:   928        SH:  0    Dex: 10    Spells: 13/33 levels left

rFire   + . .      SeeInvis .   V - +4 scimitar (flame)
rCold   x . .      Faith    .   y - orb {light}
rNeg    + . .      Spirit   .   r - +0 steam dragon scales
rPois   ∞          Reflect  .   B - +2 helmet
rElec   +          Harm     .   (no cloak)
rCorr   .          Rampage  .   R - +1 pair of gloves
Will    .....                   A - +1 pair of boots
Stlth   +.........              H - amulet of magic regeneration
HPRegen 0.23/turn               c - +4 ring of evasion
MPRegen 0.60/turn               T - ring of fire

@: glowing
A: sickness immunity, AC +9, negative energy resistance 1, electricity
resistance, torment resistance 1, petrification resistance
a: Renounce Religion


You were on level 3 of the Lair of Beasts.
You worshipped Vehumet.
Vehumet was greatly pleased with you.
You visited 3 branches of the dungeon, and saw 15 of its levels.
You also visited: Gauntlet and Volcano.

You collected 928 gold pieces.

Inventory:

Hand Weapons
 o - a +1 dagger
 s - a +1 dagger of chaos
 F - a +3 dagger
 V - a +4 scimitar of flaming (weapon)
 X - a +0 quick blade of flaming
Missiles
 j - 22 poisoned darts
 K - a curare-tipped dart
 L - 11 javelins
 U - 3 atropa-tipped darts
Armour
 a - a +0 robe
 l - the +3 ring mail of Melancholy {Fly rPois Will+}
   (You found it on level 4 of the Dungeon)

   rPois:     It protects you from poison.
   Fly:       It grants you flight.
   Will:      It increases your willpower.
 r - +0 steam dragon scales (worn)
 u - a +0 pair of gloves
 y - an orb of light (worn)
 A - a +1 pair of boots (worn)
 B - a +2 helmet (worn)
 R - a +1 pair of gloves (worn)
 Y - a +2 hat
Jewellery
 c - a +4 ring of evasion (left hand)
 n - a ring of see invisible
 v - an amulet of the acrobat
 H - an amulet of magic regeneration (around neck)
 N - the ring "Byamaama" {Fly rCorr Stlth+}
   (You found it in a Gauntlet)

   [ring of flight]

   Fly:       It grants you flight.
   rCorr:     It protects you from acid and corrosion.
   Stlth:     It makes you more stealthy.
 T - a ring of fire (right hand)
Wands
 i - a wand of paralysis (26)
 M - a wand of flame (18)
 S - a wand of polymorph (8)
Scrolls
 g - 5 scrolls of teleportation
 k - 3 scrolls of blinking
 p - a scroll of brand weapon
 t - a scroll of enchant armour
 w - a scroll of fear
 z - 2 scrolls of torment
 C - a scroll of silence {unknown}
 E - 2 scrolls of amnesia
 G - a scroll of magic mapping
 I - 2 scrolls of identify
 J - a scroll of immolation {unknown}
 P - a scroll of vulnerability
Potions
 b - 2 potions of magic
 d - 10 potions of curing
 e - 3 potions of resistance
 f - 2 potions of cancellation {unknown}
 h - 3 potions of mutation
 m - 2 potions of berserk rage {unknown}
 q - 7 potions of lignification
 x - 7 potions of attraction
 D - 2 potions of heal wounds
 O - 3 potions of flight {unknown}
 W - 2 potions of might {unknown}
Miscellaneous
 Q - a box of beasts


   Skills:
 - Level 10.0 Fighting
 - Level 4.0 Dodging
 - Level 2.2 Stealth
 + Level 10.7 Spellcasting
 - Level 7.0 Conjurations
 + Level 9.9 Necromancy
 - Level 4.0 Translocations
 - Level 1.0 Transmutations
 - Level 12.0 Earth Magic


You had 13 spell levels left.
You knew the following spells:

 Your Spells              Type           Power      Damage    Failure   Level
a - Iskenderun's Mystic   Conj/Tloc      36%        2d9       1%          4
b - Stone Arrow           Conj/Erth      100%       3d13      1%          3
c - Blink                 Tloc           58%        N/A       1%          2
d - Borgnjor's Vile Clut  Necr/Erth      28%        N/A       1%          5
e - Death Channel         Necr           26%        N/A       14%         6

Your spell library contained the following spells:

 Spells                   Type           Power      Damage    Failure   Level
 Sticky Flame             Conj/Fire      40%        2d6       3%          4
 Necrotise                Necr           100%       1d9       1%          1
 Sandblast                Erth           100%       2d20      1%          1
 Passwall                 Tmut/Erth      33%        N/A       1%          2
 Dazzling Flash           Conj/Hex       54%        N/A       1%          3
 Vampiric Draining        Necr           53%        2d9       1%          3
 Dispel Undead            Necr           53%        3d19      1%          4
 Poisonous Vapours        Pois/Air       22%        N/A       2%          2
 Agony                    Necr           53%        N/A       2%          5
 Gell's Gravitas          Tloc           29%        N/A       3%          3
 Lesser Beckoning         Tloc           29%        N/A       3%          3
 Teleport Other           Tloc           29%        N/A       3%          3
 Petrify                  Tmut/Erth      40%        N/A       3%          4
 Wereblood                Tmut           16%        N/A       5%          2
 Anguish                  Hex/Necr       16%        N/A       8%          4
 Ensorcelled Hibernation  Hex/Ice        22%        N/A       9%          2
 Spider Form              Tmut/Pois      14%        N/A       14%         3
 Corpse Rot               Necr/Pois/Air  26%        N/A       14%         4
 Manifold Assault         Tloc           29%        N/A       30%         5
 Simulacrum               Ice/Necr       16%        N/A       75%         6
 Alistair's Intoxication  Tmut/Pois      9%         N/A       77%         5
 Silence                  Hex/Air        5%         N/A       83%         5
 Eringya's Noxious Bog    Tmut/Pois      7%         N/A       83%         6
 Dispersal                Tloc           14%        N/A       86%         6
 Infestation              Necr           26%        N/A       99%         8
 Summon Hydra             Summ           5%         N/A       100%        7
 Disjunction              Tloc           14%        N/A       100%        8
 Sublimation of Blood     Necr           Unusable   N/A       N/A         2

Dungeon Overview and Level Annotations

Branches:
Dungeon (11/15)            Temple (1/1) D:5            Lair (3/5) D:10
  Swamp (0/4) Lair:3       Spider (0/4) Lair:3          Orc (0/2) D:11
Volcano (visited)         Gauntlet (visited)

Altars:
Ashenzari
Cheibriados
Dithmenos
Elyvilon
Fedhas
Gozag
Hepliaklqana
Kikubaaqudgha
Makhleb
Nemelex Xobeh
Okawaru
Qazlal
Ru
Sif Muna
Trog
Uskayaw
Vehumet
Wu Jian
Xom
Yredelemnul
Zin
The Shining One

Shops:
D:2 (*   D:9 *   D:11 (

Annotations:
Lair:3 Urug


Innate Abilities, Weirdness & Mutations

You are immune to sickness and miasma.
Your stone body is resilient. (AC +9)
You are immune to poison.
You resist negative energy. (rN+)
You are resistant to electric shocks. (rElec)
You are resistant to unholy torment.
You are immune to petrification.


Message History

Aim: a black mamba (heavily wounded, haloed, 73% to hit)
The stone arrow hits the black mamba!
The black mamba is almost dead.
The black mamba misses you.
Urug says, "They call me one-eyed Urug.
When I'm done with you they'll have to call you no-head MacCMillion."
Urug hits you with a +0 long sword of protection!
The black mamba completely misses you.
Aiming: Stone Arrow (safe; 1% risk of failure)
Press: ? - help, Q - select action, (/) - cycle Shift-Dir - straight line, f/p - black mamba
Aim: a black mamba (almost dead, haloed, 73% to hit)
The stone arrow hits the black mamba!!
You kill the black mamba!
Vehumet accepts your kill.
You feel your power returning.
Urug hits you with a +0 long sword of protection!
Aiming: Stone Arrow (safe; 1% risk of failure)
Press: ? - help, Q - select action, (/) - cycle Shift-Dir - straight line, f - Urug
Aim: Urug, wielding a +0 long sword of protection, wearing a +3 scale mail of fire resistance and quivering javelins (moderately wounded, haloed, 80% to hit)
The stone arrow hits Urug!
Urug is heavily wounded.
Urug hits you with a +0 long sword of protection.
* * * LOW HITPOINT WARNING * * *
Aiming: Stone Arrow (safe; 1% risk of failure)
Press: ? - help, Q - select action, (/) - cycle Shift-Dir - straight line, f/p - Urug
Aim: Urug, wielding a +0 long sword of protection, wearing a +3 scale mail of fire resistance and quivering javelins (heavily wounded, haloed, 80% to hit)
The stone arrow hits Urug.
Urug is severely wounded.
Urug hits you but does no damage.
Aiming: Stone Arrow (safe; 1% risk of failure)
Press: ? - help, Q - select action, (/) - cycle Shift-Dir - straight line, f/p - Urug
Aim: Urug, wielding a +0 long sword of protection, wearing a +3 scale mail of fire resistance and quivering javelins (severely wounded, haloed, 80% to hit)
The stone arrow hits Urug!!
Urug is almost dead.
Urug hits you with a +0 long sword of protection.
* * * LOW HITPOINT WARNING * * *
Unknown command.
You hit Urug but do no damage.
Urug is almost dead.
Urug hits you with a +0 long sword of protection!!
You die...

......##....#,####,.....####*,***
......#.....#***##*,,,,,*********
.....##.....####.#*,,,,.,*,*,,,,*
...##.#..........#***,..,,,,,,,**
.#####..........## **...,,,,,,,*
.## #...........##*..,.,,,,,,,**
.P# #............#.#...,,,,,,,,*
.## #.....P#...........,,,,,,,,*
P# ##.....##..@o......,,,,,>,,*
## #.....##.....$....,,,,,,,,*
### #....##P....##....,,,,,,,**
..# #....###.....#*...,,,,,,,,*
.## #.....#.....##*,,.,,,,,,,**
.# #....###..#P#*,,,,,,,,,,,** ##
#.....#######*,,,,,,,,,,,,*
###....## #####*,,,,,,,,,,** ###
#......# ###...##,,,,,,,,,,,*


You could see Urug.

Vanquished Creatures
  Gastronok (Lair:3)
  A stone giant (Volcano)
  A quicksilver ooze (Gauntlet)
  Snorg (D:11)
  Josephine (D:10)
  2 boulder beetles (D:11)
  A hydra (D:10)
  A two-headed ogre (D:6)
  Erica (D:9)
  A bog body (Lair:3)
  An obsidian statue (Volcano)
  A moth of wrath (Gauntlet)
  4 elephants (Lair:1)
  An apocalypse crab (Gauntlet)
  2 black mambas
  A gargoyle (D:11)
  10 rime drakes (Lair:2)
  Psyche (D:9)
  5 cane toads
  A komodo dragon (Lair:2)
  An efreet (Volcano)
  A demonic crawler (Lair:3)
  3 trolls
  2 polar bears
  3 blink frogs (Lair:1)
  A shadow (D:10)
  5 fire bats (Volcano)
  3 wraiths (D:10)
  2 wyverns
  18 yaks
  2 fire elementals (Volcano)
  6 steam dragons
  A basilisk (Lair:1)
  4 vampire mosquitoes (D:7)
  2 swamp worms (Lair:3)
  6 water moccasins
  2 orc warriors
  Duvessa (D:7)
  2 black bears (D:5)
  A sky beast (D:8)
  5 ice beasts
  2 ogres
  20 wolves
  A centaur (D:8)
  A phantom (D:7)
  A kobold brigand (D:10)
  11 bullfrogs
  An earth elemental (Volcano)
  A gnoll sergeant (D:11)
  5 wights (D:8)
  5 scorpions
  Dowan (D:7)
  12 killer bees
  An electric eel (Lair:3)
  5 howler monkeys
  7 lava snakes (Volcano)
  A crimson imp (D:4)
  4 jellies
  A hound (D:5)
  5 orc priests
  3 iguanas
  11 orc wizards
  8 adders
  3 gnolls (D:11)
  A shadow imp (D:6)
  2 white imps (D:7)
  4 worms
  2 dart slugs (D:2)
  29 orcs
  4 endoplasms
  6 giant cockroaches
  6 goblins
  6 hobgoblins
  7 kobolds
  6 quokkas
  11 ball pythons
  10 bats
  3 frilled lizards
  6 rats
322 creatures vanquished.

Vanquished Creatures (others)
  6 fungi
  15 plants
21 creatures vanquished.

Grand Total: 343 creatures vanquished

Notes
Turn   | Place    | Note
-------+----------+-------------------------------------------
     0 | D:1      | MacCMillion the Gargoyle Earth Elementalist began the quest
                  | for the Orb.
     0 | D:1      | Reached XP level 1. HP: 10/10 MP: 3/3
   169 | D:1      | Reached skill level 1 in Transmutations
   229 | D:1      | Reached skill level 4 in Earth Magic
   256 | D:1      | Reached XP level 2. HP: 15/15 MP: 3/5
   871 | D:1      | Reached XP level 3. HP: 18/19 MP: 1/6
  1187 | D:2      | Reached skill level 5 in Earth Magic
  1351 | D:2      | Found Alyem's Assorted Antiques.
  1478 | D:2      | Reached XP level 4. HP: 24/24 MP: 5/7
  1585 | D:2      | Got the Guide on Darkness and Imprecation
  1761 | D:2      | Reached skill level 6 in Earth Magic
  1765 | D:2      | Learned a level 3 spell: Stone Arrow
  1897 | D:2      | Found Viquril's Weapon Emporium.
  2124 | D:3      | Reached skill level 1 in Conjurations
  2124 | D:3      | Reached XP level 5. HP: 28/28 MP: 5/8
  2660 | D:3      | You fall into a shaft and drop 2 floors!
  2660 | D:5      | Entered Level 5 of the Dungeon
  2771 | D:5      | Found a staircase to the Ecumenical Temple.
  2886 | Temple   | Entered the Ecumenical Temple
  2924 | Temple   | Became a worshipper of Vehumet
  3092 | D:5      | Noticed a black bear
  3121 | D:5      | Killed a black bear
  3122 | D:5      | Reached skill level 7 in Earth Magic
  3122 | D:5      | Reached XP level 6. HP: 32/32 MP: 5/9
  3311 | D:4      | Identified the +3 ring mail of Melancholy {Fly rPois Will+}
  3844 | D:3      | Noticed an ice beast
  4207 | D:3      | Killed an ice beast
  4208 | D:3      | Reached skill level 8 in Earth Magic
  4208 | D:3      | Reached XP level 7. HP: 36/36 MP: 2/10
  4672 | D:4      | Found a shimmering altar of Xom.
  4676 | D:4      | Found a burning altar of Makhleb.
  4787 | D:4      | Reached skill level 5 in Conjurations
  5262 | D:4      | Reached * piety under Vehumet
  5262 | D:4      | Offered knowledge of Freeze by Vehumet.
  5381 | D:4      | Reached skill level 9 in Earth Magic
  5561 | D:5      | Found an ancient bone altar of Kikubaaqudgha.
  5585 | D:5      | Reached XP level 8. HP: 41/41 MP: 4/11
  5710 | D:5      | Found a hide-covered altar of Uskayaw.
  5822 | D:5      | Reached skill level 10 in Earth Magic
  5867 | D:5      | Reached skill level 1 in Fighting
  6077 | D:5      | Noticed a yak
  6086 | D:5      | Killed a yak
  6160 | D:5      | Noticed a yak
  6161 | D:5      | Noticed a yak
  6180 | D:5      | Killed a yak
  6332 | D:5      | Noticed a yak
  6337 | D:5      | Noticed a yak
  6338 | D:5      | Killed a yak
  6383 | D:5      | Killed a yak
  6384 | D:5      | Reached XP level 9. HP: 51/51 MP: 0/12
  6906 | D:6      | Noticed a two-headed ogre
  6969 | D:6      | Killed a two-headed ogre
  6970 | D:6      | Reached skill level 5 in Fighting
  6970 | D:6      | Reached skill level 11 in Earth Magic
  7333 | D:6      | Found a shadowy altar of Dithmenos.
  7540 | D:6      | Learned a level 2 spell: Blink
  7586 | D:6      | Found a white marble altar of Elyvilon.
  7711 | D:6      | Noticed an eight-headed hydra
  8310 | D:7      | Reached skill level 1 in Translocations
  8548 | D:7      | Reached XP level 10. HP: 60/60 MP: 8/13
  8600 | D:7      | Noticed Duvessa
  8605 | D:7      | Noticed Dowan
  9562 | D:7      | Reached skill level 12 in Earth Magic
  9874 | D:7      | Reached ** piety under Vehumet
 10639 | D:8      | Offered knowledge of Magic Dart by Vehumet.
 10850 | D:7      | Killed Duvessa
 10907 | D:7      | Killed Dowan
 12011 | D:8      | Reached skill level 5 in Spellcasting
 12747 | D:9      | Reached XP level 11. HP: 69/69 MP: 5/19
 12877 | D:9      | Noticed Psyche
 12884 | D:9      | Killed Psyche
 12970 | D:9      | Found Kegun's Serpentskin Sales.
 12978 | D:9      | Offered knowledge of Searing Ray by Vehumet.
 13092 | D:9      | Noticed Erica
 13098 | D:9      | Killed Erica
 14080 | D:10     | Entered Level 10 of the Dungeon
 14283 | D:10     | Reached skill level 1 in Necromancy
 14410 | D:10     | Found a basalt altar of Yredelemnul.
 14502 | D:10     | Reached *** piety under Vehumet
 14650 | D:10     | Noticed Josephine
 14663 | D:10     | Killed Josephine
 14664 | D:10     | Reached skill level 10 in Fighting
 14688 | D:10     | Found a staircase to the Lair.
 14960 | D:11     | Noticed a seven-headed hydra
 14960 | D:11     | Found Dudiull's Weapon Emporium.
 14960 | D:11     | Found a staircase to the Orcish Mines.
 14963 | D:11     | Noticed a boulder beetle
 14968 | D:10     | Killed a seven-headed hydra
 15186 | D:11     | Noticed a boulder beetle
 15201 | D:11     | Killed a boulder beetle
 15215 | D:11     | Noticed a boulder beetle
 15239 | D:11     | Killed a boulder beetle
 15468 | D:11     | Reached XP level 12. HP: 77/77 MP: 14/24
 15532 | D:11     | Noticed Snorg
 15538 | D:11     | Killed Snorg
 15555 | D:11     | HP: 2/77 [orc warrior/+0 mace (4)]
 15958 | Lair:1   | Entered Level 1 of the Lair of Beasts
 16044 | Lair:1   | Offered knowledge of Iskenderun's Mystic Blast by Vehumet.
 16086 | Lair:1   | Learned a level 4 spell: Iskenderun's Mystic Blast
 16140 | Lair:1   | Found a gate leading to a gauntlet.
 16145 | Gauntlet | Entered a Gauntlet
 16145 | Gauntlet | Found a transporter.
 16145 | Gauntlet | Found a transporter.
 16145 | Gauntlet | Found a transporter.
 16276 | Gauntlet | Found a transporter.
 16286 | Gauntlet | Noticed an entropy weaver
 16288 | Gauntlet | Found a transporter.
 16290 | Gauntlet | Found a transporter.
 16300 | Gauntlet | Found a transporter.
 16308 | Gauntlet | Noticed a hell hog
 16321 | Gauntlet | Found a transporter.
 16339 | Gauntlet | Found a transporter.
 16343 | Gauntlet | Found a transporter.
 16343 | Gauntlet | Noticed a quicksilver ooze
 16345 | Gauntlet | Found a runed translucent gate.
 16345 | Gauntlet | Found a runed translucent gate.
 16345 | Gauntlet | Found a runed translucent gate.
 16346 | Gauntlet | Found a large runed translucent door.
 16346 | Gauntlet | Found a large runed translucent door.
 16347 | Gauntlet | Found a large runed translucent door.
 16348 | Gauntlet | Found a large runed translucent door.
 16349 | Gauntlet | Found a large runed translucent door.
 16349 | Gauntlet | Found a large runed translucent door.
 16349 | Gauntlet | Found a runed translucent door.
 16349 | Gauntlet | Found a runed translucent door.
 16350 | Gauntlet | Found a large runed translucent door.
 16351 | Gauntlet | Found a large runed translucent door.
 16353 | Gauntlet | Found a transporter.
 16357 | Gauntlet | Found a transporter.
 16393 | Gauntlet | Found a large runed translucent door.
 16394 | Gauntlet | Found a large runed translucent door.
 16395 | Gauntlet | Found a large runed translucent door.
 16395 | Gauntlet | Found a large runed translucent door.
 16396 | Gauntlet | Found a large runed translucent door.
 16397 | Gauntlet | Found a large runed translucent door.
 16398 | Gauntlet | Found a large runed translucent door.
 16398 | Gauntlet | Found a large runed translucent door.
 16557 | Gauntlet | Killed a quicksilver ooze
 16558 | Gauntlet | Reached skill level 5 in Necromancy
 16868 | Gauntlet | Identified the ring "Byamaama" {Fly rCorr Stlth+}
 17162 | Gauntlet | Identified the +0 pair of gloves of Zatwew {-Cast Str+4}
 17193 | Gauntlet | Noticed a minotaur
 17818 | Lair:1   | Reached skill level 10 in Spellcasting
 18060 | Lair:1   | Learned a level 5 spell: Borgnjor's Vile Clutch
 19436 | Lair:2   | Learned a level 6 spell: Death Channel
 19819 | Lair:2   | Reached XP level 13. HP: 82/82 MP: 21/27
 20220 | Lair:2   | Reached **** piety under Vehumet
 20363 | Lair:2   | Identified the +2 great sword "Tag Ash" {venom, rElec}
 20687 | Lair:3   | Offered knowledge of Sticky Flame by Vehumet.
 20780 | Lair:3   | Found a dark tunnel.
 20790 | Volcano  | Entered a volcano
 21021 | Volcano  | Noticed a stone giant
 21022 | Volcano  | Found a radiant altar of Vehumet.
 21034 | Volcano  | Killed a stone giant
 21979 | Lair:3   | Found a staircase to the Swamp.
 22103 | Lair:3   | Noticed Gastronok
 22116 | Lair:3   | Killed Gastronok
 22177 | Lair:3   | Found a hole to the Spider Nest.
 22503 | Lair:3   | Noticed Urug
 22519 | Lair:3   | Slain by Urug

Illustrated notes

Levels and vault maps discovered:
D:1:      psy_arrival_conway, layout_loops_ring, minmay_close_crescents
D:2:      layout_rooms, serial_shops, shop, nicolae_shop_hallway_stairs
D:3:      layout_basic, minmay_distorted
D:4:      layout_gridville, grunt_temple_overflow_champion_of_chaos,
          chequers_serial_rivers_micro_b
D:5:      layout_loops_ring, nicolae_uskayaw_dance_hall,
          mainiacjoe_overflow_six_doors_small, minmay_temple_entry_slanted
D:6:      layout_layer_cave, mainiacjoe_overflow_large_starburst,
          minmay_small_thing
D:7:      layout_cave_pods, eino_jars, uniq_duvessa
D:8:      layout_basic, hangedman_abyss_or_decor_stagger,
          amcnicky_mini_rare_corridor_liquid, kennysheep_small_circle
D:9:      layout_layer_cave, guppyfry_shop_venom, uniq_erica, uniq_psyche
D:10:     layout_irregular_city, mainiacjoe_overflow_cross_hatched,
          lair_entry_dummy, uniq_josephine
D:11:     gammafunk_indiana_jones, layout_cave_pools, orc_david_3, serial_park,
          serial_park_square1 [serial_park_minivault_5x5_2], serial_park_square3
          [serial_park_minivault_5x5_2], serial_park_square1
          [serial_park_minivault_5x5_8], uniq_snorg
Temple:   eino_wide_crystal_templ
Lair:1:   layout_gridlike, gauntlet_entry_generic
Lair:2:   layout_cave_pods, bobbens_dragon_lair_wall
Lair:3:   layout_cellular_growth, nicolae_swamp_entry_splash_gauntlet,
          nicolae_spider_entry_non_spiders, nicolae_volcano_entry_lava_flow,
          uniq_urug, uniq_gastronok

Skill      XL: |  1  2  3  4  5  6  7  8  9 10 11 12 13 |
---------------+----------------------------------------+-----
Transmutations | 1 |  1.0
Earth Magic    | 4 5 6 7 8 9 10 11 12 | 12.0
Conjurations   | 1 3 4 5 6 7 |  7.0
Fighting       | 3 6 8 10 | 10.0
Dodging        | 3 4 |  4.0
Translocations | 2 4 |  4.0
Spellcasting   | 5 8 10 | 10.7
Necromancy     | 3 8 9 |  9.9
Stealth        | |  2.2

Action                   |  1- 3 |  4- 6 |  7- 9 | 10-12 | 13-15 || total
-------------------------+-------+-------+-------+-------+-------++-------
Melee: Dagger            |       |     1 |       |    30 |     2 ||    33
       Scimitar          |       |       |       |       |    21 ||    21
 Cast: Sandblast         |    53 |    62 |    76 |     5 |       ||   196
       Stone Arrow       |       |     2 |    25 |   333 |   134 ||   494
       Iskenderun's Myst |       |       |       |     4 |       ||     4
Evoke: Wand              |       |       |       |     2 |       ||     2
  Use: Scroll            |       |     9 |     1 |    14 |     3 ||    27
       Potion            |       |       |     1 |     3 |       ||     4
Armor: Robe              |     2 |     9 |    32 |    25 |       ||    68
       Steam dragon scal |       |       |       |   104 |    30 ||   134
       Skin              |       |       |       |    14 |       ||    14
Dodge: Dodged            |     4 |     7 |    59 |   222 |    69 ||   361
